 Dungeon Crawl Stone Soup version 0.31.0-1-g2c135a0 (webtiles) character file.

Game seed: 8633064190987230533

58 jagoly the Trooper (level 4, -3/29 HPs)
             Began as a Gargoyle Monk on Feb 2, 2024.
             Slain by an iguana (8 damage)
             ... on level 4 of the Dungeon.
             The game lasted 00:03:30 (674 turns).

jagoly the Trooper (Gargoyle Monk)                   Turns: 674, Time: 00:03:31

Health: -3/29      AC:  9    Str: 16    XL:     4   Next: 2%
Magic:  4/4        EV: 11    Int: 11    God:
Gold:   109        SH:  0    Dex: 12    Spells: 3/3 levels left

rFire   . . .        a - +0 war axe
rCold   . . .        d - orb {light}
rNeg    + . .        e - +0 ring mail
rPois   ∞            n - +0 helmet
rElec   +            (no cloak)
rCorr   .            (no gloves)
SInv    .            (no boots)
Will    .....        (no amulet)
Stlth   +            (no ring)
HPRegen 0.24/turn    (no ring)
MPRegen 0.09/turn

%: no passive effects
@: glowing
A: sickness immunity, AC +3, negative energy resistance 1, electricity
resistance, torment resistance 1, petrification resistance
a: no special abilities


You were on level 4 of the Dungeon.
You visited 1 branch of the dungeon, and saw 5 of its levels.

You collected 109 gold pieces.

Inventory:

Hand Weapons
 a - a +0 war axe (weapon)
Missiles
 g - 30 stones (quivered)
Armour
 b - a +0 robe
 d - an orb of light (worn)
 e - a +0 ring mail (worn)
 n - a +0 helmet (worn)
 p - a +1 helmet
Jewellery
 k - a +6 ring of intelligence
Scrolls
 f - a scroll of enchant armour {unknown}
 h - 5 scrolls of identify {unknown}
 j - a scroll of fear {unknown}
 l - a scroll of amnesia {unknown}
 m - a scroll of teleportation {unknown}
 o - a scroll of blinking {unknown}
Potions
 c - a potion of ambrosia
 i - a potion of magic {unknown}


   Skills:
 + Level 3.7 Fighting
 * Level 3.4 Axes
 + Level 1.4 Armour
 + Level 2.8 Dodging


You had 3 spell levels left.
You didn't know any spells.
Your spell library contained the following spells:

 Spells                   Type           Power      Damage    Failure   Level
 Jinxbite                 Hex            0%         N/A       69%         2
 Yara's Violent Unravell  Hex/Alch       0%         3d3       100%        5
 Enfeeble                 Hex            0%         N/A       100%        7


Dungeon Overview and Level Annotations

Branches:
Dungeon (5/15) Zot: 26971
 Temple: D:4-7

Altars:

Annotations:
D:2 Sigmund


Innate Abilities, Weirdness & Mutations

You are immune to sickness and miasma.
Your stone body is resilient. (AC +3)
You are immune to poison.
You resist negative energy. (rN+)
You are resistant to electric shocks. (rElec)
You are resistant to unholy torment.
You are immune to petrification.


Message History

Welcome, jagoly the Gargoyle Monk.
The sublime Orb of Zot lies far below, as if waiting for you to find it.
Press ? for a list of commands and other information.
Found a staircase leading out of the dungeon.
Adjust (i)tems, (s)pells, or (a)bilities?
Huh?
Unknown command.
Unknown command.
Found a ring mail.
Found a scroll labelled HAUTOI IZOV.
You see here a +0 ring mail.
You start removing your armour.
You continue taking off your +0 robe. x4
You finish taking off your +0 robe.
You start putting on your armour.
You continue putting on your +0 ring mail. x5
You finish putting on your +0 ring mail.
f - a scroll labelled HAUTOI IZOV
Found 14 gold pieces.
You now have 14 gold pieces.
You open the gate.
A giant cockroach comes into view.
You slash the giant cockroach!
You kill the giant cockroach!
There is an open gate here.
You see here a giant cockroach corpse.
Found a stone staircase leading down.
A hobgoblin comes into view.
The hobgoblin shouts!
A hobgoblin is nearby!
You slash the hobgoblin!
You kill the hobgoblin!
No target in view!
There is a stone staircase leading down here.
You climb downwards.
Found 7 gold pieces.
There is a stone staircase leading up here.
You climb upwards.
There is a stone staircase leading down here.
You climb downwards.
There is a stone staircase leading up here.
Found 6 stones.
Found a leather armour.
You now have 21 gold pieces (gained 7).
You see here 6 stones.
g - 6 stones
Found an escape hatch in the floor.
Found a scroll labelled WOIFUNWAYSK.
Found an escape hatch in the ceiling.
Found a dagger.
A bat comes into view.
The bat barely misses you.
You see here a scroll labelled WOIFUNWAYSK.
h - a scroll labelled WOIFUNWAYSK The bat closely misses you.
You closely miss the bat. The bat hits you but does no damage. x2
You hit the bat.
The bat is heavily wounded.
The bat misses you. The bat closely misses you.
You hit the bat.
You kill the bat!
No target in view!
Found 6 gold pieces.
Found a scroll labelled WOIFUNWAYSK.
You now have 27 gold pieces (gained 6).
h - 2 scrolls labelled WOIFUNWAYSK (gained 1)
Found a stone staircase leading up.
A dart slug comes into view.
An endoplasm comes into view.
The endoplasm quivers.
The dart slug launches a dart at you. The slug dart hits you.
The endoplasm jiggles.
There is a stone staircase leading up here.
The dart slug completely misses you. The endoplasm barely misses you.
You hit the dart slug but do no damage. You hit the endoplasm.
The dart slug bites you but does no damage.
The endoplasm closely misses you.
You hit the dart slug.
The dart slug is lightly wounded.
You hit the endoplasm.
The dart slug bites you but does no damage.
The endoplasm hits you but does no damage.
You hit the dart slug.
The dart slug is severely wounded.
You hit the endoplasm. The endoplasm barely misses you.
The dart slug bites you but does no damage.
You hit the dart slug.
You kill the dart slug!
You hit the endoplasm but do no damage. The endoplasm closely misses you.
You have reached level 2!
You slash the endoplasm!
You kill the endoplasm!
No target in view!
No target in view!
There is a stone staircase leading up here.
You climb upwards.
Found a book of Misfortune.
There is a stone staircase leading down here.
You pick up a book of Misfortune and begin reading...
You add the spells Jinxbite, Yara's Violent Unravelling and Enfeeble to your library.
A bat comes into view.
You hit the bat.
The bat is moderately wounded.
The bat hits you but does no damage. The bat barely misses you.
The bat closely misses you. The bat hits you but does no damage.
You hit the bat.
You kill the bat!
Found 12 gold pieces.
Found 13 gold pieces.
You now have 40 gold pieces (gained 13).
You now have 52 gold pieces (gained 12).
You open the door.
A quokka comes into view.
Found a war axe, 13 gold pieces and a scroll labelled WOIFUNWAYSK.
A quokka is nearby!
An endoplasm comes into view.
There is an open door here.
You hit the quokka.
You kill the quokka!
A frilled lizard comes into view.
You hit the endoplasm but do no damage. The endoplasm completely misses you.
The endoplasm barely misses you.
You hit the endoplasm.
You kill the endoplasm!
Your Axes skill increases to level 3!
You slash the frilled lizard!
You kill the frilled lizard!
No target in view!
No target in view!
A frilled lizard comes into view.
You see here a frilled lizard corpse.
You see here 13 gold pieces.
You see here a scroll labelled WOIFUNWAYSK.
h - 3 scrolls labelled WOIFUNWAYSK (gained 1)
The frilled lizard bites you but does no damage.
You hit the frilled lizard.
You kill the frilled lizard!
No target in view!
You now have 65 gold pieces (gained 13).
You see here a +0 war axe.
You are now empty-handed.
You drop a +0 hand axe.
a - a +0 war axe (weapon)
You open the door.
There is an open door here.
A rat comes into view.
The rat squeaks loudly.
You hear a shout!
A rat is nearby!
You slash the rat!
You kill the rat!
No target in view!
Found 5 stones.
A bat comes into view.
The bat moves out of view.
g - 11 stones (gained 5)
A ball python comes into view.
The ball python hisses angrily.
A ball python is nearby!
A ball python is nearby!
The ball python closely misses you. The ball python barely misses you.
The ball python bites you. The ball python misses you.
You hit the ball python.
The ball python is severely wounded.
The ball python closely misses you. The ball python grabs you.
The ball python constricts you.
You barely miss the ball python.
The ball python is severely wounded.
The ball python barely misses you. The ball python constricts you.
The ball python bites you but does no damage.
The ball python constricts you.
You slash the ball python!
You kill the ball python!
You see here a ball python corpse.
Found a stone staircase leading down.
There is a stone staircase leading down here.
You climb downwards.
The hobgoblin shouts!
Found a sling.
There is a stone staircase leading up here.
You slash the hobgoblin!
You kill the hobgoblin!
Found a scroll labelled WOIFUNWAYSK.
h - 4 scrolls labelled WOIFUNWAYSK (gained 1)
Found a dagger.
Found a dagger and 2 gold pieces.
You see here a +0 dagger.
You now have 67 gold pieces (gained 2).
Found 10 gold pieces.
Found 12 gold pieces.
You now have 77 gold pieces (gained 10).
Found a moonstone ring.
You now have 89 gold pieces (gained 12).
Found a stone staircase leading down.
An adder comes into view.
You hit the adder.
The adder is heavily wounded.
The adder bites you but does no damage. The adder barely misses you.
You slash the adder!
You kill the adder!
Your Armour skill increases to level 1!
You have reached level 3!
Your experience leads to an increase in your attributes!
Increase (S)trength, (I)ntelligence, or (D)exterity?
You feel stronger. x2
Found a leather armour.
Unknown command.
Unknown command.
Found a green potion.
There is a stone staircase leading down here.
You climb downwards.
The ball python hisses angrily.
There is a stone staircase leading up here.
You hit the ball python.
You kill the ball python!
You see here a ball python corpse.
You see here a ball python corpse.
There is a stone staircase leading up here.
You climb upwards.
There is a stone staircase leading down here.
i - a green potion
Found a scroll labelled ZUPNEU KUPS.
Found 8 stones.
Found 13 gold pieces.
You now have 102 gold pieces (gained 13).
j - a scroll labelled ZUPNEU KUPS
g - 19 stones (gained 8)
You open the door.
A ribbon worm comes into view.
A ribbon worm is nearby!
k - a +6 ring of intelligence You open the door.
There is an open door here.
A ball python comes into view.
The ball python hisses angrily.
A ball python is nearby!
A ball python is nearby!
Found a stone staircase leading down.
The ball python misses you. The ball python grabs you.
The ball python constricts you.
You hit the ball python.
The ball python is severely wounded.
The ball python barely misses you. The ball python constricts you.
You hit the ball python.
You kill the ball python!
You see here a ball python corpse.
Found a scroll labelled OKYTIH ROOTOZ.
There is a stone staircase leading down here.
You climb downwards.
Found a war axe.
Found a stone staircase leading down.
There is a stone staircase leading up here.
You open the large door.
There is a large open door here.
There is a stone staircase leading up here.
You climb upwards.
There is a stone staircase leading down here.
A ball python comes into view.
The ball python hisses angrily.
The ball python moves out of view.
The ball python bites you but does no damage.
The ball python closely misses you.
You see here a scroll labelled OKYTIH ROOTOZ.
l - a scroll labelled OKYTIH ROOTOZ The ball python closely misses you.
The ball python grabs you. The ball python constricts you.
You slash the ball python!
You kill the ball python!
No target in view!
No target in view!
You open the door.
There is an open door here.
Sigmund the Dreaded comes into view.
He is wielding a +0 scythe and wearing a +2 robe of willpower.
Sigmund says, "Look into my eyes."
Sigmund is nearby!
Sigmund says, "I'm your fate."
There is a stone staircase leading down here.
You climb downwards.
There is a stone staircase leading up here.
There is a large open door here.
There is a large open door here.
Found a scroll labelled MANI GYCRON.
There is a stone staircase leading down here.
You climb downwards.
Found a falchion.
There is a stone staircase leading up here.
You climb upwards.
There is a stone staircase leading down here.
A kobold comes into view. It is wielding a +0 short sword.
The kobold shouts!
You see here a scroll labelled MANI GYCRON.
m - a scroll labelled MANI GYCRON The kobold misses you.
You slash the kobold!
You kill the kobold!
No target in view!
Things that are here:
a +0 short sword; a kobold corpse
Found a robe.
Found a helmet.
Found a scroll labelled DIROTI ZEEKHIDGH.
A ball python comes into view.
Found 7 gold pieces.
The ball python hisses angrily.
You see here a +0 helmet.
You start putting on your armour.
You continue putting on your +0 helmet. x4
The ball python bites you but does no damage.
The ball python misses you.
You finish putting on your +0 helmet.
You hit the ball python.
The ball python is severely wounded.
The ball python closely misses you. The ball python grabs you.
The ball python constricts you.
The ball python bites you but does no damage.
The ball python constricts you.
You slash the ball python!
You kill the ball python!
No target in view!
o - a scroll labelled DIROTI ZEEKHIDGH
Found 3 stones.
Found a stone staircase leading down.
You now have 109 gold pieces (gained 7).
Found a glowing clear potion.
There is a stone staircase leading down here.
You climb downwards.
Found 4 stones and a scroll labelled WOIFUNWAYSK.
Found a stone staircase leading down.
There is a stone staircase leading up here.
Found 7 stones.
g - 23 stones (gained 4)
Found 2 gold pieces.
g - 30 stones (gained 7)
h - 5 scrolls labelled WOIFUNWAYSK (gained 1)
There is a stone staircase leading down here.
You climb downwards.
The iguana hisses angrily.
Found a shiny helmet and a scroll labelled UVUDOZUPIR.
There is a stone staircase leading up here.
A jelly comes into view.
Found 12 gold pieces.
You see here a +1 helmet.
p - a +1 helmet The jelly attacks as it pursues you!
The jelly barely misses you. The iguana bites you.
The iguana barely misses you.
There is a stone staircase leading up here.
The iguana bites you but does no damage.
You climb upwards.
There is a stone staircase leading down here.
The jelly hits you but does no damage. The iguana attacks as it pursues you!
The iguana bites you. The dart slug launches a dart at you.
The slug dart misses you. The jelly misses you.
You hit the jelly.
Your hands burn!
The jelly is lightly wounded.
The jelly barely misses you.
You slash the jelly!
You kill the jelly!
You have reached level 4!
You feel clever.
You barely miss the iguana. The iguana closely misses you.
The iguana bites you.
* * * LOW HITPOINT WARNING * * *
You are too injured to fight recklessly!
Cleave: a) +0 war axe
Press: ? - help, Dir - move target, f - iguana
Aim: an iguana (haloed, about 20% to evade your +0 war axe)
You hit the iguana but do no damage.
The iguana bites you but does no damage.
Cleave: a) +0 war axe
Press: ? - help, Dir - move target, f/p - iguana
Aim: an iguana (haloed, about 20% to evade your +0 war axe)
You hit the iguana but do no damage. The iguana bites you.
* * * LOW HITPOINT WARNING * * *
Cleave: a) +0 war axe
Press: ? - help, Dir - move target, f/p - iguana
Aim: an iguana (haloed, about 20% to evade your +0 war axe)
You barely miss the iguana. The iguana bites you.
* * * LOW HITPOINT WARNING * * *
A kobold comes into view. It is wielding a +0 club.
The iguana bites you but does no damage.
Cleave: a) +0 war axe
Press: ? - help, Dir - move target, f/p - iguana
Aim: an iguana (haloed, about 20% to evade your +0 war axe)
The kobold shouts!
You hit the iguana but do no damage.
The iguana bites you but does no damage.
Cleave: a) +0 war axe
Press: ? - help, Dir - move target, f/p - iguana
Aim: an iguana (haloed, about 20% to evade your +0 war axe)
You hit the iguana but do no damage.
The iguana bites you but does no damage.
Cleave: a) +0 war axe
Press: ? - help, Dir - move target, f/p - iguana
Aim: an iguana (haloed, about 20% to evade your +0 war axe)
You hit the iguana.
The iguana is lightly wounded.
The iguana bites you.
* * * LOW HITPOINT WARNING * * *
The iguana bites you.
* * * LOW HITPOINT WARNING * * *
Okay, then.
Cleave: a) +0 war axe
Press: ? - help, Dir - move target, f/p - iguana
Aim: an iguana (lightly wounded, haloed, about 20% to evade your +0 war axe)
You hit the iguana but do no damage.
The iguana is lightly wounded.
The iguana bites you!
You die...

###### ######
#..... #....#
#..... #..<.#
#..... #....#
..... #....# #...
#>.###
####...##..#####+#
..$....@lw........
.....K.###........
.....## .###...##
.... .. ###.# ...
... . .. #### #


You could see an iguana, a dart slug and a kobold.

Vanquished Creatures
  A jelly (D:4)
  An adder (D:2)
  A dart slug (D:2)
  5 ball pythons
  2 bats
  2 endoplasms
  A giant cockroach (D:1)
  2 hobgoblins
  A kobold (D:3)
  A quokka (D:1)
  2 frilled lizards (D:1)
  A rat (D:1)
20 creatures vanquished.

Notes
Turn   | Place    | Note
-------+----------+-------------------------------------------
     0 | D:1      | jagoly the Gargoyle Monk began the quest for the Orb.
     0 | D:1      | Reached XP level 1. HP: 14/14 MP: 1/1
   152 | D:2      | Reached XP level 2. HP: 18/19 MP: 2/2
   379 | D:2      | Reached skill level 1 in Armour
   379 | D:2      | Reached XP level 3. HP: 23/23 MP: 3/3
   542 | D:2      | Noticed Sigmund
   650 | D:5      | Entered Level 5 of the Dungeon
   667 | D:4      | Reached XP level 4. HP: 16/29 MP: 4/4
   674 | D:4      | Slain by an iguana

Illustrated notes

Levels and vault maps discovered:
D:1:      kennysheep_arrival_seaside, layout_basic, dk_noncrumbling_4,
          minmay_strange_pillars
D:2:      layout_basic, serial_co_window_serial, co_window_paths_a,
          co_window_paths_a, co_window_paths_a, co_window_paths_b,
          co_window_of_opportunity_a, co_window_of_opportunity_c,
          co_window_broadway_b, co_window_corner_cb, co_window_2corner,
          co_window_corner_b, co_window_unsneaky_path_a, glass_columns_a,
          glass_columns_b, uniq_sigmund
D:3:      layout_basic
D:4:      nicolae_cairo_tiling, layout_gridville, serial_demonic,
          serial_demonic_d, serial_demonic_d, serial_demonic_a,
          serial_demonic_g, hellmonk_ghost_happy_afterlife,
          uniq_crazy_yiuf_cottage, uniq_edmund, uniq_duvessa, uniq_robin,
          uniq_natasha
D:5:      layout_basic, temple_pool_b, serial_rivers,
          chequers_serial_rivers_micro_a, chequers_serial_rivers_micro_b,
          chequers_serial_rivers_room_b, chequers_serial_rivers_micro_d,
          chequers_serial_rivers_micro_e, serial_shops, shop

Skill      XL: |  1  2 |
---------------+-------+-----
Axes           | 3 |  3.4
Armour         | 1 |  1.4
Fighting       | |  3.7
Dodging        | |  2.8

Action                     |  1- 3 |  4- 6 || total
---------------------------+-------+-------++-------
  Melee: Hand axe          |    17 |       ||    17
         War axe           |    16 |     8 ||    24
 Armour: Ring mail         |    20 |    10 ||    30
  Dodge: Dodged            |    31 |     1 ||    32
